 Dungeon Crawl Stone Soup version 0.26-a0-845-gfacbca91cf (webtiles) character file.

Game seed: 6153744640652528938

546460 EnegeticOcto the Slayer (level 27, -1/206 (207) HPs)
             Began as a Formicid Air Elementalist on Nov 18, 2020.
             Was the Champion of Ashenzari.
             Slain by a large abomination (17 damage)
             ... on level 4 of the Abyss on Nov 19, 2020.
             The game lasted 02:22:47 (69227 turns).

EnegeticOcto the Slayer (FoAE)                     Turns: 69227, Time: 02:22:47

HP:   -1/206 (207)  AC: 36    Str: 19    XL:     27
MP:   25/35         EV: 12    Int: 24    God:    Ashenzari [******]
Gold: 1661          SH: 19    Dex:  9    Spells: 7/43 levels left

rFire    + + .     SeeInvis +   w - +8 storm bow {elec, penet} (curse)
rCold    + . .     Faith    .   F - +0 tower shield (curse)
rNeg     + . .     Spirit   .   C - +10 plate armour {rC+} (curse)
rPois    +         Reflect  .   (helmet unavailable)
rElec    +         Harm     .   v - scarf {rC+ rF+} (curse)
rCorr    .         Rampage  +   K - +2 pair of gloves (curse)
MR       +++++     Clarity  +   k - +1 pair of boots of Larikeol {Rampage rPois MR++} (curse)
Stlth    ..........             W - amulet of Taopniv {rElec rC- Regen+ Int+6 Stlth+} (curse)
HPRegen  0.84/turn              S - ring of Onnaevvuz {rF+ MR+ AC+4} (curse)
MPRegen  0.24/turn              J - ring of positive energy (curse)

@: very slightly contaminated
A: permanent stasis, dig shafts and tunnels, four strong arms, antennae 3,
[blurry vision 3], clumsy 1, [deformed body], [deterioration 2], [frail 1],
[screaming 1], [weak 2], no potion heal 1[+2], [subdued magic 3]
}: 3/15 runes: decaying, silver, gossamer
a: Dig, Shaft Self, Curse Item, Scrying, Transfer Knowledge, Renounce Religion


You were on level 4 of the Abyss.
You worshipped Ashenzari.
Ashenzari was exalted by your worship.
You visited 8 branches of the dungeon, and saw 44 of its levels.
You visited the Abyss 1 time.
You visited 1 ziggurat, and saw 9 of its levels.
You also visited: Trove and Sewer.

You collected 8428 gold pieces.
You spent 6767 gold pieces at shops.

Inventory:

Hand Weapons
 w - the cursed +8 storm bow (weapon) {elec, penet}
   (You acquired it on level 3 of the Elven Halls)

   It charges the ammunition it shoots with electricity; occasionally upon a
   hit, such missiles may discharge and cause terrible harm.
   Ammo fired by it will pass through the targets it hits, potentially hitting
   all targets in its path until it reaches maximum range.
   It has a curse placed upon it.
 T - a +4 dagger of distortion
   (You took it off Psyche on level 12 of the Dungeon)
Missiles
 f - 22 curare-tipped darts
 l - 486 arrows (quivered)
 D - 10 throwing nets {!f}
Armour
 k - the cursed +1 pair of boots of Larikeol (worn) {Rampage rPois MR++}
   (You acquired it on level 3 of the Swamp)

   It protects you from poison.
   It affects your resistance to hostile enchantments.
   It bestows one free step when moving towards enemies.
   It has a curse placed upon it.
 v - a cursed scarf of resistance (worn)
   (You found it on level 1 of the Vaults)
 C - a cursed +10 plate armour of cold resistance (worn)
   (You bought it in a shop on level 2 of the Orcish Mines)
 F - a cursed +0 tower shield (worn)
   (You found it on level 3 of the Spider Nest)
 K - a cursed +2 pair of gloves (worn)
   (You found it on level 8 of the Dungeon)
Jewellery
 d - the ring of Igraelon {EV+4 Str+2 Dex+4}
   (You found it on level 4 of a ziggurat)

   [ring of evasion]

   It affects your evasion (+4).
   It affects your strength (+2).
   It affects your dexterity (+4).
 x - an uncursed ring of resist corrosion
   (You found it on level 5 of the Vaults)
 J - a cursed ring of positive energy (right hand)
   (You found it on level 8 of the Dungeon)
 S - the cursed ring of Onnaevvuz (left hand) {rF+ MR+ AC+4}
   (You bought it in a shop on level 1 of the Depths)

   [ring of protection]

   It affects your AC (+4).
   It protects you from fire.
   It affects your resistance to hostile enchantments.
   It has a curse placed upon it.
 W - the cursed amulet of Taopniv (around neck) {rElec rC- Regen+ Int+6 Stlth+}
   (You found it on level 3 of the Elven Halls)

   [amulet of regeneration]

   It affects your intelligence (+6).
   It makes you vulnerable to cold.
   It insulates you from electricity.
   It increases your rate of regeneration.
   It makes you more stealthy.
   It has a curse placed upon it.
Wands
 g - a wand of acid (48) {@v1}
   (You found it on level 1 of the Swamp)
 p - a wand of digging (13) {@v3}
   (You found it on level 5 of the Lair of Beasts)
 H - a wand of polymorph (46)
   (You found it on level 5 of the Lair of Beasts)
 O - a wand of disintegration (14)
   (You took it off Maurice on level 11 of the Dungeon)
 P - a wand of iceblast (32) {@v2}
   (You found it on level 6 of the Lair of Beasts)
 R - a wand of paralysis (34)
   (You took it off Psyche on level 12 of the Dungeon)
Scrolls
 a - 4 scrolls of summoning
 s - 6 scrolls of vulnerability
 u - 8 scrolls of magic mapping {@r5 !r}
 y - 13 scrolls of fear {!r}
 A - a scroll of silence
 B - 22 scrolls of identify {@r1}
 E - 13 scrolls of fog {!r}
 L - 5 scrolls of immolation
 N - 5 scrolls of remove curse {@r2}
 U - 6 scrolls of holy word
 X - a scroll of enchant weapon
 Y - 2 scrolls of enchant armour
Potions
 c - 18 potions of curing {@q1 !q}
 e - 10 potions of attraction
 i - 4 potions of brilliance
 j - 8 potions of magic
 m - 10 potions of heal wounds {@q2 !q}
 n - 3 potions of ambrosia
 o - 3 potions of resistance
 q - 2 potions of invisibility
 r - 5 potions of cancellation
 t - 7 potions of might {@q3 !q}
 z - 2 potions of flight
 G - 7 potions of mutation
 Q - 8 potions of lignification {@q6}
Miscellaneous
 b - a phantom mirror
   (You found it on level 2 of the Vaults)
 h - a tin of tremorstones (2/2)
   (You found it on level 1 of the Elven Halls)
 I - a condenser vane (inert)
   (You found it on level 5 of the Lair of Beasts)
 M - a lightning rod (4/4)
   (You bought it in a shop on level 5 of the Dungeon)
 V - a phial of floods
   (You found it on level 3 of the Elven Halls)
 Z - a box of beasts
   (You bought it in a shop on level 10 of the Dungeon)


   Skills:
 - Level 22.0 Fighting
 - Level 16.5(20.3) Bows
 + Level 17.2(22.2) Armour
 - Level 12.0 Dodging
 - Level 3.2 Stealth
 - Level 12.3(15.0) Shields
 - Level 8.8 Spellcasting
 - Level 7.5(12.0) Conjurations
 + Level 20.5(24.0) Hexes
 - Level 10.7(15.0) Transmutations
 - Level 5.0(9.4) Air Magic
 - Level 15.0(19.0) Evocations


You had 7 spell levels left.
You knew the following spells:

 Your Spells              Type           Power        Failure   Level
a - Apportation           Tloc           #.....       19%         1
b - Wereblood             Tmut           #####...     0%          2
c - Invisibility          Hex            ######..     1%          6
d - Cause Fear            Hex            ######....   0%          4
e - Silence               Hex/Air        #####.....   1%          5
f - Irradiate             Conj/Tmut      #####.....   1%          5
g - Yara's Violent Unrav  Hex/Tmut       ######....   1%          5
j - Discord               Hex            ######....   8%          8

Your spell library contained the following spells:

 Spells                   Type           Power        Failure   Level
 Beastly Appendage        Tmut           #####.       0%          1
 Corona                   Hex            ######.      0%          1
 Slow                     Hex            ######..     0%          2
 Confusing Touch          Hex            ######..     0%          3
 Dazzling Flash           Conj/Hex       ######       0%          3
 Tukima's Dance           Hex            ######..     0%          3
 Foxfire                  Conj/Fire      ###.         1%          1
 Magic Dart               Conj           ####         1%          1
 Shock                    Conj/Air       ####         1%          1
 Sting                    Tmut/Pois      ####         1%          1
 Ensorcelled Hibernation  Hex/Ice        #####.       1%          2
 Searing Ray              Conj           #####.       1%          2
 Inner Flame              Hex/Fire       #####...     1%          3
 Spider Form              Tmut/Pois      ####......   1%          3
 Static Discharge         Conj/Air       ####....     1%          3
 Summon Guardian Golem    Hex/Summ       #####...     1%          3
 Fulminant Prism          Conj/Hex       ######....   1%          4
 Leda's Liquefaction      Hex/Erth       #####.....   1%          4
 Blade Hands              Tmut           #####.....   1%          5
 Mephitic Cloud           Conj/Pois/Air  ###.....     2%          3
 Corpse Rot               Necr/Air       N/A          3%          2
 Poisonous Vapours        Pois/Air       ###...       3%          2
 Iskenderun's Battlesphe  Conj           #####...     3%          5
 Metabolic Englaciation   Hex/Ice        #####.....   3%          5
 Conjure Flame            Conj/Fire      ###.....     4%          3
 Airstrike                Air            ####......   4%          4
 Ignite Poison            Fire/Tmut/Pois ###.....     7%          3
 Hydra Form               Tmut           #####.....   7%          6
 Lightning Bolt           Conj/Air       ####......   8%          5
 Ice Form                 Ice/Tmut       ####....     9%          4
 Petrify                  Tmut/Erth      ####....     9%          4
 Hailstorm                Conj/Ice       ###.....     17%         4
 Sticky Flame             Conj/Fire      ###.....     17%         4
 Animate Skeleton         Necr           #.....       19%         1
 Freeze                   Ice            #...         19%         1
 Sandblast                Erth           #.....       19%         1
 Summon Small Mammal      Summ           #...         19%         1
 Iskenderun's Mystic Bla  Conj/Tloc      ###.....     19%         4
 Call Imp                 Summ           #.......     28%         2
 Sublimation of Blood     Necr           #.........   28%         2
 Alistair's Intoxication  Tmut/Pois      ####.....    28%         5
 Summon Lightning Spire   Summ/Air       ###.....     32%         4
 Dragon Form              Tmut           #####.....   45%         7
 Fireball                 Conj/Fire      ###.......   50%         5
 Call Canine Familiar     Summ           #.......     52%         3
 Frozen Ramparts          Ice            #.....       52%         3
 Ozocubu's Armour         Ice            #.......     52%         3
 Vampiric Draining        Necr           #.........   52%         3
 Gell's Gravitas          Tloc           #.........   54%         3
 Lesser Beckoning         Tloc           #.........   54%         3
 Bolt of Magma            Conj/Fire/Erth ###.......   78%         5
 Eringya's Noxious Bog    Tmut/Pois      ####......   88%         6
 Statue Form              Tmut/Erth      ####.....    88%         6
 Orb of Destruction       Conj           #####.....   88%         7
 Dispel Undead            Necr           #.......     92%         4
 Summon Ice Beast         Ice/Summ       #.......     92%         4
 Freezing Cloud           Conj/Ice/Air   ###.......   92%         6
 Olgreb's Toxic Radiance  Pois           #.......     93%         4
 Passage of Golubria      Tloc           N/A          93%         4
 Iron Shot                Conj/Erth      ###.......   98%         6
 Starburst                Conj/Fire      ###.......   98%         6
 Agony                    Necr           #.......     100%        5
 Borgnjor's Vile Clutch   Necr/Erth      #.........   100%        5
 Excruciating Wounds      Necr           #.........   100%        5
 Summon Forest            Summ/Tloc      #.........   100%        5
 Death Channel            Necr           #.........   100%        6
 Ozocubu's Refrigeration  Ice            #.........   100%        6
 Simulacrum               Ice/Necr       #.........   100%        6
 Malign Gateway           Summ/Tloc      #.........   100%        7
 Monstrous Menagerie      Summ           #.........   100%        7
 Spellforged Servitor     Conj/Summ      ###.......   100%        7
 Summon Greater Demon     Summ           #.........   100%        7
 Summon Hydra             Summ           #.........   100%        7
 Ignition                 Fire           #.........   100%        8
 Summon Horrible Things   Summ           #.........   100%        8
 Dragon's Call            Summ           #.........   100%        9
 Shatter                  Erth           #.........   100%        9
 Swiftness                Air            Unusable     N/A         2
 Blink                    Tloc           Unusable     N/A         2

Dungeon Overview and Level Annotations

Branches:
Dungeon (15/15)            Temple (0/1) D:5            Lair (6/6) D:10
  Swamp (4/4) Lair:3       Spider (4/4) Lair:4        Slime (0/5) Lair:6
    Orc (2/2) D:11            Elf (3/3) Orc:2        Vaults (5/5) D:13
  Crypt (0/3) Vaults:3     Depths (5/5) D:15            Zot (0/5) Depths:5
  Sewer (visited)

Altars:
Ashenzari
Gozag
Hepliaklqana
Qazlal
Ru
Vehumet
Xom
Yredelemnul
Beogh

Shops:
D:5 *(:=[   D:10 }[[!!   D:11 (   Orc:2 :?:*}*![:   Vaults:1 ?   Vaults:4 *
Depths:1 !==}   Depths:3 ?

Portals:
Hell: Depths:1 Depths:2 Depths:3 Depths:4 Depths:5
Abyss: Depths:1 Depths:2 Depths:3* Depths:4
Pandemonium: Depths:1 Depths:2 Depths:3

Annotations:
D:3 1 runed translucent door, Crazy Yiuf
Lair:5 exclusion: oklob plant
Orc:1 2 transporters
Elf:1 6 runed translucent doors
Depths:3 2 transporters, Larunk's ghost, veteran DgAE
Zig:9 exclusion: 2 orange crystal statues


Innate Abilities, Weirdness & Mutations

You cannot be hasted, slowed, berserked, paralysed or teleported.
You can dig through walls and to a lower floor.
Your four strong arms can wield two-handed weapons with a shield.
You have a pair of large antennae on your head. (SInv)
You are clumsy. (Dex -2)
[Scrolls take you much longer to read.]
[Armour fits poorly on your strangely shaped body.]
[Your body often deteriorates upon taking damage.]
[You are frail. (-10% HP)]
[You occasionally shout uncontrollably at your foes.]
[You are very weak. (Str -4)]
[Potions cannot restore your health.]
[Your spells are much easier to cast, but much less powerful.]


Message History

The thrashing horror churns violently!
The thrashing horror seems to grow stronger.
You block the sixfirhy's attack.
A large abomination comes into view.
You block the thrashing horror's attack. x2
The wretched star is struck by lightning.
The cacodemon closely misses you. x2; The thrashing horror tramples you!
You hold your ground!
The thrashing horror tramples you but does no damage.
A spatial vortex comes into view.
The smoke demon gestures at you. Something smites you!
You block the sixfirhy's attack.
The wretched star pulses with an eldritch light!
Your system mostly rejects the healing effects of potions.
Your system completely rejects the healing effects of potions.
Your connection to magic feels nearly dormant.
You hear a bark!
You hear a horrible gurgling sound!
Lightning arcs down from a storm cloud!
Casting: Irradiate (mildly dangerous; 2% risk of failure)
Confirm with . or Enter, or press ? or * to list all spells.
You erupt in a fountain of uncontrolled magic!
The thrashing horror is blasted with magical radiation!!
You destroy the thrashing horror!
The wretched star is blasted with magical radiation!!
The wretched star is severely damaged.
The sixfirhy is blasted with magical radiation!!
You kill the sixfirhy!
The thrashing horror is blasted with magical radiation!!
You destroy the thrashing horror!
The cacodemon is blasted with magical radiation!!
The cacodemon is severely wounded.
The cacodemon twists and deforms.
The ooze changes into a hound!
The thrashing horror is struck by lightning.
You block the thrashing horror's attack. x2
The spatial vortex is struck by lightning.
The wretched star is struck by lightning.
The wretched star glows turbulently.
The lance of force hits you!!
* * * LOW HITPOINT WARNING * * *
You are knocked back by the lance of force.
You slam into the stone wall!
* * * LOW HITPOINT WARNING * * *
You block the cacodemon's attack.
The cacodemon hits you but does no damage.
A large abomination comes into view.
The shining eye is struck by lightning.
The large abomination is struck by lightning.
The wretched star glows turbulently.
The lance of force hits you!
* * * LOW HITPOINT WARNING * * *
You are knocked back by the lance of force.
You collide with the cacodemon!
You hear a shout.
You hear a horrible gurgling sound!
Lightning arcs down from a storm cloud! x2
You feel the corruption within you wane somewhat.
Your urge to yell lessens.
You feel agile.
Your connection to magic feels less subdued.
You feel clever. x2; You feel robust.
Your connection to magic feels less subdued.
You feel robust.
Really quaff
m - 10 potions of heal wounds {@q2 !q}?
That would not heal you.
Unknown command.
Really read with blurry vision while enemies are nearby?
Okay, then.
Okay, then.
Unknown command.
Okay, then.
Okay, then.
Okay, then.
Firing (i - inventory. (/) - cycle)
l - 488 arrows (quivered)
Press: ? - help, Shift-Dir - straight line, f - wretched star, p - cacodemon
Aim: a wretched star (thunder, almost destroyed)
You shoot an arrow.
The arrow pierces through the wretched star.
The wretched star is almost destroyed.
The spatial vortex is struck by lightning.
The small abomination is struck by lightning.
You block the small abomination's attack.
The cacodemon hits you but does no damage.
You block the cacodemon's attack.
The wretched star is struck by lightning.
The wretched star pulses with an eldritch light!
Your connection to magic feels more subdued.
Your connection to magic feels nearly dormant.
The thrashing horror misses you.
The thrashing horror tramples you but does no damage.
You hear a howl!
You hear a bark! x2; You hear an angry hiss.
You hear an angry squeal.
Firing (i - inventory. (/) - cycle)
l - 487 arrows (quivered)
Press: ? - help, Shift-Dir - straight line, f/p - wretched star
Aim: a wretched star (thunder, almost destroyed)
You shoot an arrow.
The arrow pierces through the wretched star!
You destroy the wretched star!
The hound changes into a gnoll!
The thrashing horror tramples you but does no damage.
The thrashing horror closely misses you.
The large abomination hits you!
You die...

*{ ,#*#... ....
...v . . ,, , {',
{#. ..... ..(....
.. ,,,, +, ,{##..
..)###ww.###...# *
, #.
.....#(X...#3..
.*,,, , # *
#........g...§§§§
.,,, ,, + , *{#...
. ......§§§§ , ,, .
., ##. ....
..§§.§§§§... , ,
{{#.. ..
..#2x§§§...... ,, ,
{*#
......##@XG§§§.. ,
∩ , *,#* ##
#...(#X§§§§§.(. . ,
, # # ..
#..{(§*§#§§§.. ..
,,, ,,...
.....(§§§§#........
, , .. . .
§§..§X.....(.., ,,
# ....
...§§§#X§§§..... ,,
, #, ..
......§§##§#§.....
. , , .
,.....(.§§#...§§...
, , .. , ..(...
,..... * ,, ,


You could see a cacodemon (misshapen), a tentacled starspawn, a wretched star, a
shining eye, a thrashing horror, 3 large abominations, a smoke demon, a small
abomination, 2 starspawn tentacles and a gnoll shaped shifter.

Vanquished Creatures
  Mara (Spider:3)
  Mennas (Vaults:4)
  A juggernaut (Zig:7)
  Sojobo (Vaults:4)
  Bai Suzhen (Depths:1)
  Xtahua (Depths:3)
  3 golden dragons
  3 caustic shrikes
  A bone dragon (Depths:5)
  5 tentacled monstrosities
  5 liches
  5 titans (Vaults:5)
  2 quicksilver dragons
  Asterion (Depths:1)
  2 deep elf master archers (Elf:3)
  3 deep elf blademasters
  2 Executioners (Zig:9)
  A tentacled starspawn (Abyss:4)
  2 sphinxes (Depths:2)
  An ancient champion (Zig:8)
  Donald (Swamp:1)
  Kirke (D:12)
  A thorn hunter (Swamp:2)
  6 shadow dragons
  An azure jelly (Swamp:4)
  2 revenants (Zig:8)
  5 tengu reavers
  Roxanne (Swamp:2)
  2 iron dragons
  Aizul (Spider:3)
  14 vault wardens
  8 fire giants
  7 ghost moths
  13 frost giants
  3 emperor scorpions (Spider:4)
  4 deep elf sorcerers
  A ghost moth (shapeshifter) (Depths:5)
  A reaper (Zig:5)
  2 ghouls
  A deep elf elementalist (Elf:3)
  14 very ugly things
  4 entropy weavers
  3 draconian annihilators
  A war gargoyle (Vaults:5)
  3 orc warlords
  A spriggan defender (Depths:2)
  7 ironheart preservers
  21 stone giants
  Nessos (Lair:5)
  5 vampire knights
  12 deep elf demonologists
  2 green draconians (Depths:5)
  The ghost of Ring the Unseen, a journeyman SpEn of Dithmenos (Orc:1)
  2 black draconians (Depths:5)
  A yellow draconian (Depths:5)
  13 spark wasps
  5 dire elephants (Depths:4)
  A white draconian (Depths:5)
  7 deep elf annihilators
  A bunyip (Swamp:1)
  Snorg (D:13)
  12 ettins
  A blizzard demon (Depths:2)
  7 deep elf death magi
  5 eleionomae
  Josephine (D:11)
  A green death (Abyss:4)
  12 deep elf high priests
  3 jiangshi (Depths:3)
  7 great orbs of eyes
  13 yaktaur captains
  4 fire dragons
  6 boulder beetles
  14 ice dragons
  30 vault guards
  14 hydras
  A great orb of eyes (shapeshifter) (Vaults:5)
  Harold (Orc:1)
  6 rakshasas
  A spriggan air mage (Depths:5)
  6 centaur warriors
  A ghost crab (Swamp:3)
  4 death knights
  2 catoblepae
  A satyr (Abyss:4)
  3 deep troll shamans
  17 dancing weapons
  15 ogre magi
  42 two-headed ogres
  4 alligators
  3 orc high priests
  2 hell hogs (Depths:1)
  4 vampire magi
  3 tengu warriors
  3 thrashing horrors (Abyss:4)
  A sun demon (Depths:2)
  15 deep troll earth magi
  5 spriggan berserkers
  10 goliath frogs
  5 wretched stars
  A storm dragon zombie (Zig:5)
  16 deep elf knights
  5 hell knights
  2 salamander mystics
  5 shadow wraiths
  5 skeletal warriors
  A spatial maelstrom (Abyss:4)
  A death drake (Zig:6)
  3 sixfirhies
  4 small abominations
  7 spriggan druids
  3 iron trolls
  A storm dragon skeleton (Abyss:4)
  18 deep trolls
  3 unseen horrors
  16 bog bodies
  7 swamp dragons
  2 glowing orange brains
  A swamp dragon (shapeshifter) (Vaults:2)
  2 orange crystal statues
  5 phantasmal warriors
  6 flayed ghosts
  6 necromancers
  14 deep elf archers
  13 orc knights
  An obsidian statue (Zig:9)
  18 ironbrand convokers
  6 wizards
  12 orc sorcerers
  42 wolf spiders
  21 orb spiders
  42 ugly things
  44 deep elf magi
  3 cyclopes
  A stone giant zombie (Zig:5)
  A wolf spider (shapeshifter) (Vaults:1)
  4 will-o-the-wisps
  6 oklob plants
  14 elephants
  3 manticores
  3 moths of wrath
  Maurice (D:11)
  7 salamanders (Depths:4)
  Psyche (D:12)
  Joseph (D:10)
  14 vault sentinels
  2 centaur skeletons
  A frost giant skeleton (Vaults:5)
  2 torpor snails
  A black mamba (Lair:5)
  An orange demon (Depths:2)
  2 smoke demons (Abyss:4)
  A rime drake (Lair:3)
  11 cane toads
  2 gargoyles
  11 freezing wraiths
  Maggie (Lair:1)
  59 yaktaurs
  A human skeleton (Vaults:5)
  2 efreet
  9 komodo dragons
  An ancient zyme (Abyss:4)
  A spriggan skeleton (Zig:5)
  An ice devil (Depths:2)
  A jumping spider (shapeshifter) (Vaults:2)
  10 demonic crawlers
  A queen bee (shapeshifter) (Elf:3)
  42 jumping spiders
  A yaktaur skeleton (Vaults:5)
  3 bloated husks
  A wind drake (shapeshifter) (Vaults:4)
  6 trolls
  A wolf spider simulacrum (D:15)
  30 hornets
  7 polar bears
  A raiju (Abyss:4)
  Prince Ribbit (D:5)
  2 raiju (shapeshifter)
  5 tyrant leeches
  A dream sheep (shapeshifter) (Elf:1)
  32 slime creatures
  14 blink frogs
  6 dream sheep
  A frost giant simulacrum (Vaults:5)
  5 large abominations
  A tarantella (shapeshifter) (Vaults:2)
  4 shadows
  43 tarantellas
  A spriggan (shapeshifter) (Elf:2)
  6 water elementals
  3 air elementals
  82 redbacks
  32 spriggans
  6 wyverns
  8 wraiths
  A human (shapeshifter) (Depths:2)
  64 yaks
  5 vampire mosquitoes
  6 golden eyes (Abyss:4)
  2 basilisks
  3 fire elementals
  2 chaos spawn
  A human simulacrum (Vaults:5)
  Grum (D:9)
  5 swamp worm simulacra (Swamp:4)
  A neqoxec (Abyss:4)
  17 swamp worms
  Edmund (D:6)
  2 spatial vortices (Abyss:4)
  4 acid dragons
  23 wargs
  16 hydra simulacra (Swamp:4)
  A soldier ant (D:14)
  A floating eye (Depths:4)
  6 hell hounds (Depths:1)
  4 swamp drakes
  12 water moccasins
  41 orc warriors
  A black bear (shapeshifter) (Vaults:1)
  4 ice beasts
  39 ogres
  Purgy (Sewer)
  An eye of draining (D:9)
  5 black bears
  12 necrophages
  6 phantoms
  An eye of draining (shapeshifter) (Vaults:3)
  5 boggarts
  35 wolves
  9 centaurs
  2 big kobolds
  Blork the orc (D:6)
  3 earth elementals
  A wyvern zombie (D:6)
  17 bullfrogs
  A cane toad simulacrum (Abyss:4)
  2 wyvern skeletons
  7 scorpions
  12 killer bees
  A killer bee (shapeshifter) (Vaults:5)
  A troll zombie (D:11)
  14 wights
  4 electric eels
  A howler monkey (D:8)
  6 centaur zombies
  4 hounds
  4 jellies
  17 orc priests
  2 bullfrog skeletons
  A bullfrog zombie (D:13)
  50 orc wizards
  8 iguanas
  6 worker ants
  7 ogre zombies (D:11)
  2 worker ant zombies
  13 adders
  3 shadow imps
  4 white imps
  3 swamp drake simulacra (Swamp:4)
  2 ufetubi
  3 oozes
  3 adder skeletons
  4 worms
  5 leopard geckos
  108 orcs
  4 bats
  9 giant cockroaches
  5 hobgoblins
  13 jackals
  14 kobolds
  4 quokkas
  3 ball pythons
  5 frilled lizards
  4 goblins
  2 goblin zombies (D:11)
  A hobgoblin skeleton (D:11)
  6 hobgoblin zombies (D:11)
  A leopard gecko skeleton (D:7)
  3 orc skeletons (D:11)
  13 orc zombies (D:11)
  A quokka zombie (D:8)
  7 rats
  A bush (Lair:5)
  A crawling corpse (Elf:1)
2123 creatures vanquished.

Vanquished Creatures (collateral kills)
  A tengu reaver (Vaults:4)
  A phantasmal warrior (Vaults:5)
2 creatures vanquished.

Vanquished Creatures (others)
  Nikola (Vaults:2)
  An Executioner (Vaults:1)
  A fenstrider witch (Swamp:4)
  An ogre mage (Vaults:2)
  A hell hog (Depths:1)
  A spriggan berserker (Depths:2)
  A deep elf knight (Vaults:2)
  A goliath frog (Swamp:1)
  A deep elf mage (Elf:1)
  An orb spider (Spider:4)
  3 ugly things (Vaults:1)
  An orange demon (Zig:9)
  A yaktaur (Vaults:1)
  A jumping spider (Spider:2)
  A water elemental (Depths:4)
  4 humans (D:13)
  2 ogres
  A boggart (Vaults:1)
  An orc wizard (Orc:1)
  A foxfire (Swamp:3)
  43 fungi
  98 plants
  2 starspawn tentacles (Abyss:4)
  3 withered plants (D:13)
172 creatures vanquished.

Grand Total: 2297 creatures vanquished

Notes
Turn   | Place    | Note
-------+----------+-------------------------------------------
     0 | D:1      | EnegeticOcto the Formicid Air Elementalist began the quest
                  | for the Orb.
     0 | D:1      | Reached XP level 1. HP: 13/13 MP: 3/3
     0 | D:1      | Upgraded the game from 0.26-a0-837-g5a8a614f01 to
                  | 0.26-a0-845-gfacbca91cf
    33 | D:1      | Reached skill level 1 in Conjurations
   477 | D:1      | You fall into a shaft and drop 1 floor!
   480 | D:2      | Found a broken altar of Ashenzari.
   510 | D:2      | Reached XP level 2. HP: 20/20 MP: 1/5
   742 | D:2      | Reached skill level 1 in Maces & Flails
   997 | D:1      | Reached skill level 3 in Stealth
  1426 | D:1      | Reached XP level 3. HP: 25/25 MP: 4/6
  1452 | D:1      | Reached skill level 1 in Fighting
  2110 | D:2      | Found a faded altar of an unknown god.
  2205 | D:2      | Reached skill level 2 in Maces & Flails
  2297 | D:2      | Reached XP level 4. HP: 30/32 MP: 7/7
  2599 | D:2      | Became a worshipper of Ashenzari the Shackled
  3281 | D:3      | Reached skill level 2 in Fighting
  3302 | D:3      | Reached skill level 3 in Maces & Flails
  3442 | D:3      | Reached XP level 5. HP: 18/38 MP: 8/8
  3845 | D:3      | Found a runed translucent door.
  3846 | D:3      | Noticed Crazy Yiuf
  3880 | D:3      | Found an opulent altar of Gozag.
  4359 | D:4      | Found a glowing drain.
  4796 | Sewer    | Entered a sewer
  4818 | Sewer    | Noticed Purgy
  4826 | Sewer    | Killed Purgy
  4827 | Sewer    | Reached skill level 4 in Maces & Flails
  4827 | Sewer    | Reached XP level 6. HP: 43/44 MP: 9/9
  5040 | D:4      | Learned a level 3 spell: Static Discharge
  5045 | D:4      | Learned a level 4 spell: Airstrike
  5654 | D:5      | Entered Level 5 of the Dungeon
  5686 | D:5      | Got the uncursed scale mail "Tymalaho" {Rampage rF- MR+++
                  | Stlth-}
  5699 | D:5      | Identified the +6 scale mail "Tymalaho" {Rampage rF- MR+++
                  | Stlth-} (You found it on level 5 of the Dungeon)
  5704 | D:5      | Noticed Prince Ribbit
  5783 | D:5      | Found Ladoroibikh's Luxury Loot.
  5794 | D:5      | Bought a +0 longbow for 45 gold pieces
  5821 | D:5      | Reached skill level 5 in Maces & Flails
  5925 | D:5      | Noticed a phantom
  6026 | D:5      | Killed a phantom
  6027 | D:5      | Reached skill level 6 in Maces & Flails
  6027 | D:5      | Reached XP level 7. HP: 40/50 MP: 10/10
  6384 | D:5      | Found Lasung's Jewellery Boutique.
  6393 | D:5      | Found Tidoka's Antique Armour Emporium.
  6402 | D:5      | Bought a pair of embroidered boots for 202 gold pieces
  6553 | D:5      | Reached * piety under Ashenzari
  6651 | D:5      | Found Oczuda's Book Emporium.
  6799 | D:5      | Killed Prince Ribbit
  6800 | D:5      | Reached skill level 7 in Maces & Flails
  6800 | D:5      | Reached XP level 8. HP: 56/56 MP: 11/11
  6860 | D:5      | Found Gusag's Antique Weapon Emporium.
  6896 | D:5      | Found a staircase to the Ecumenical Temple.
  7187 | D:6      | Reached skill level 8 in Maces & Flails
  7590 | D:6      | Noticed Blork the orc
  7930 | D:4      | Reached skill level 9 in Maces & Flails
  8094 | D:6      | Found a hazy altar of Hepliaklqana.
  8218 | D:6      | Killed Blork the orc
  8381 | D:6      | Noticed Edmund
  8559 | D:6      | Killed Edmund
  8763 | D:7      | Reached skill level 10 in Maces & Flails
  8763 | D:7      | Reached XP level 9. HP: 61/61 MP: 12/12
  8783 | D:7      | Reached skill level 2 in Dodging
  8840 | D:7      | Reached skill level 1 in Armour
  9205 | D:7      | Reached skill level 3 in Fighting
  9256 | D:7      | Reached skill level 2 in Armour
  9828 | D:7      | Reached skill level 3 in Dodging
 10184 | D:8      | Reached skill level 3 in Armour
 10195 | D:8      | Reached skill level 4 in Fighting
 10204 | D:8      | Reached skill level 1 in Evocations
 10365 | D:8      | Reached skill level 11 in Maces & Flails
 10517 | D:8      | Reached XP level 10. HP: 71/72 MP: 13/13
 10561 | D:8      | Reached skill level 2 in Evocations
 10811 | D:8      | Reached ** piety under Ashenzari
 11297 | D:9      | Found a radiant altar of Vehumet.
 11346 | D:9      | Reached skill level 4 in Armour
 11459 | D:9      | Noticed Grum
 11484 | D:9      | Killed Grum
 11485 | D:9      | Reached skill level 5 in Fighting
 12041 | D:10     | Entered Level 10 of the Dungeon
 12079 | D:9      | Reached skill level 12 in Maces & Flails
 12089 | D:9      | Reached skill level 6 in Fighting
 12697 | D:10     | Found Weudau Umeda's Distillery.
 12788 | D:7      | Reached skill level 13 in Maces & Flails
 12788 | D:7      | Reached XP level 11. HP: 74/81 MP: 14/14
 12875 | D:5      | Bought a lightning rod (4/4) for 300 gold pieces
 12950 | D:10     | Found Siutonich's Gadget Emporium.
 12952 | D:10     | Reached *** piety under Ashenzari
 13079 | D:10     | Found Yggaum's Distillery.
 13079 | D:10     | Noticed Joseph
 13111 | D:10     | Reached skill level 1 in Bows
 13116 | D:10     | Reached skill level 3 in Evocations
 13495 | D:10     | Reached skill level 2 in Bows
 13505 | D:10     | Found a staircase to the Lair.
 13521 | D:10     | Noticed a rakshasa
 13535 | D:10     | Killed a rakshasa
 13536 | D:10     | Reached skill level 7 in Fighting
 13740 | D:10     | Noticed an unseen horror
 13758 | D:10     | Killed an unseen horror
 13832 | D:10     | Found Ren Edghi's Armour Shop.
 13866 | D:10     | Reached skill level 3 in Bows
 13971 | D:10     | Found Geweosao's Antique Armour Boutique.
 14051 | D:10     | Reached skill level 14 in Maces & Flails
 14062 | D:10     | Killed Joseph
 14301 | D:11     | Noticed a two-headed ogre
 14345 | D:11     | Reached skill level 8 in Fighting
 14462 | D:11     | Found Keples Paegg's Antique Weapon Emporium.
 14510 | D:11     | Killed a two-headed ogre
 14511 | D:11     | Reached skill level 4 in Bows
 14511 | D:11     | Reached XP level 12. HP: 61/94 MP: 15/15
 14822 | D:11     | Noticed Maurice
 14825 | D:11     | Killed Maurice
 14902 | D:11     | Reached skill level 9 in Fighting
 14969 | D:11     | Found a staircase to the Orcish Mines.
 15167 | D:11     | Reached skill level 5 in Bows
 15611 | Lair:1   | Entered Level 1 of the Lair of Beasts
 15611 | Lair:1   | Noticed a seven-headed hydra
 15632 | Lair:1   | Killed a seven-headed hydra
 16177 | Lair:1   | Reached skill level 10 in Fighting
 16177 | Lair:1   | Reached skill level 6 in Bows
 16487 | Lair:1   | Noticed an eight-headed hydra
 16498 | Lair:1   | Killed an eight-headed hydra
 16624 | Lair:1   | Reached **** piety under Ashenzari
 16942 | Lair:1   | Noticed Maggie
 16962 | Lair:1   | Killed Maggie
 16997 | Lair:1   | Reached skill level 7 in Bows
 17562 | Lair:2   | Noticed a catoblepas
 17572 | Lair:2   | Reached skill level 8 in Bows
 17582 | Lair:2   | Reached XP level 13. HP: 59/103 MP: 16/16
 18172 | Lair:2   | Killed a catoblepas
 18882 | Lair:3   | Reached skill level 9 in Bows
 19677 | Lair:3   | Reached skill level 10 in Bows
 19679 | Lair:3   | Found a staircase to the Swamp.
 20808 | Lair:4   | Reached skill level 11 in Bows
 21342 | Lair:4   | Noticed a boulder beetle
 21401 | Lair:4   | Killed a boulder beetle
 21852 | Lair:4   | Reached XP level 14. HP: 99/110 MP: 17/17
 21910 | Lair:4   | Reached skill level 12 in Bows
 22050 | Lair:4   | Found a hole to the Spider Nest.
 22095 | Lair:4   | Reached ***** piety under Ashenzari
 22506 | Lair:4   | Reached skill level 1 in Shields
 23178 | Lair:5   | Noticed Nessos
 23184 | Lair:5   | Killed Nessos
 23185 | Lair:5   | Reached skill level 2 in Shields
 23611 | Lair:5   | Reached skill level 13 in Bows
 24297 | Lair:6   | Entered Level 6 of the Lair of Beasts
 25257 | Lair:6   | Reached skill level 14 in Bows
 25348 | Lair:6   | Reached XP level 15. HP: 107/115 MP: 18/18
 25887 | Lair:6   | Found a staircase to the Slime Pits.
 26358 | Lair:1   | Identified the +3 glaive "Voozu" {freeze, *Corrode rPois
                  | MR+ SInv} (You found it on level 1 of the Lair of Beasts)
 26364 | D:10     | Identified the +3 falchion "Hellblazer" {venom, rF- Int+2
                  | SInv}
 26364 | D:10     | Identified the +9 falchion "Ockoarut" {vamp, *Rage rC++}
 26474 | D:12     | Noticed Psyche
 26479 | D:12     | Killed Psyche
 26501 | D:12     | Reached skill level 15 in Bows
 26803 | D:12     | Learned a level 4 spell: Cause Fear
 26809 | D:12     | Learned a level 5 spell: Silence
 27313 | D:13     | Noticed Kirke
 27334 | D:12     | Killed Kirke
 27335 | D:12     | Reached skill level 1 in Hexes
 27514 | D:13     | Reached skill level 2 in Hexes
 27520 | D:13     | Reached skill level 3 in Air Magic
 27612 | D:13     | Identified the +5 morningstar of the Girdle {freeze, +Inv
                  | rC+ MP-9 Int+4}
 27791 | D:13     | Noticed Snorg
 27797 | D:13     | Killed Snorg
 27947 | D:13     | Reached skill level 5 in Armour
 27947 | D:13     | Reached skill level 4 in Dodging
 27947 | D:13     | Reached skill level 3 in Hexes
 28264 | D:13     | Found a gate to the Vaults.
 28330 | D:13     | Found a basalt altar of Yredelemnul.
 28555 | Orc:1    | Entered Level 1 of the Orcish Mines
 28555 | Orc:1    | Reached ****** piety under Ashenzari
 28555 | Orc:1    | Noticed Josephine
 28563 | D:11     | Killed Josephine
 28848 | Orc:1    | Reached skill level 4 in Hexes
 29076 | Orc:1    | Found a transporter.
 29077 | Orc:1    | Identified the +5 hand axe of Sequestration {vorpal, +Fly
                  | Int+4}
 29080 | Orc:1    | Noticed Ring's ghost (journeyman SpEn)
 29302 | Orc:1    | Noticed Harold
 29314 | Orc:1    | Killed Harold
 29315 | Orc:1    | Reached skill level 4 in Air Magic
 29360 | Orc:1    | Found a transporter.
 29404 | Orc:1    | Found a transporter.
 29503 | Orc:1    | Noticed an orc warlord
 29787 | Orc:1    | Killed Ring's ghost
 29788 | Orc:1    | Reached XP level 16. HP: 71/122 MP: 19/19
 30017 | Orc:1    | Found a roughly hewn altar of Beogh.
 30017 | Orc:1    | Found a transporter.
 30059 | Orc:2    | Entered Level 2 of the Orcish Mines
 30095 | Orc:2    | Found Duupsaoh's Book Emporium.
 30173 | Orc:2    | Found Weuleq's Gadget Boutique.
 30188 | Orc:2    | Bought a wand of paralysis (8) for 140 gold pieces
 30207 | Orc:2    | Reached skill level 6 in Armour
 30544 | Orc:2    | Reached skill level 5 in Hexes
 30548 | Orc:2    | Reached skill level 5 in Dodging
 30752 | Orc:2    | Found a roughly hewn altar of Beogh.
 30766 | Orc:2    | Found Lein's Assorted Antiques.
 30786 | Orc:2    | Found Nunon's Assorted Antiques.
 30800 | Orc:2    | Bought a fizzy black potion for 27 gold pieces
 30800 | Orc:2    | Bought a fizzy black potion for 27 gold pieces
 30814 | Orc:2    | Found a staircase to the Elven Halls.
 30826 | Orc:2    | Found Hikext's Book Shop.
 30830 | Orc:2    | Found a roughly hewn altar of Beogh.
 30884 | Orc:2    | Found Uxzedd's Book Shoppe.
 30884 | Orc:2    | Found Kaigeoma's Magic Scroll Shop.
 30898 | Orc:2    | Bought a scroll of enchant weapon for 90 gold pieces
 31026 | Orc:2    | Found Pabepise's Antique Armour Shoppe.
 31026 | Orc:2    | Found Afeam's Distillery.
 31193 | Orc:2    | Bought a scroll of enchant armour for 90 gold pieces
 31193 | Orc:2    | Bought a scroll of enchant armour for 90 gold pieces
 31193 | Orc:2    | Bought a scroll of fear for 42 gold pieces
 31193 | Orc:2    | Bought a scroll of vulnerability for 90 gold pieces
 31799 | D:14     | Reached skill level 6 in Hexes
 31807 | D:14     | Reached skill level 5 in Air Magic
 32177 | D:14     | Reached skill level 6 in Dodging
 32812 | D:15     | Entered Level 15 of the Dungeon
 32821 | D:15     | Reached skill level 7 in Hexes
 32825 | D:15     | Found a staircase to the Depths.
 33376 | D:15     | Found a shimmering altar of Xom.
 33604 | D:15     | Reached skill level 8 in Hexes
 33717 | D:15     | Found a sacrificial altar of Ru.
 34068 | Orc:2    | Bought a shiny plate armour for 910 gold pieces
 34234 | Spider:1 | Entered Level 1 of the Spider Nest
 34423 | Spider:1 | Reached XP level 17. HP: 128/128 MP: 20/20
 34592 | Spider:1 | Reduced skill Maces & Flails to level 13
 34688 | Spider:1 | Reached skill level 4 in Evocations
 34706 | Spider:1 | Reached skill level 16 in Bows
 34814 | Spider:1 | Reached skill level 5 in Evocations
 34817 | Spider:1 | Reached skill level 9 in Hexes
 35094 | Spider:1 | Reached skill level 6 in Evocations
 35097 | Spider:1 | Reduced skill Maces & Flails to level 12
 35097 | Spider:1 | Reached skill level 7 in Evocations
 35288 | Spider:1 | Reached skill level 8 in Evocations
 35293 | Spider:1 | Reached skill level 10 in Hexes
 35512 | Spider:1 | Reduced skill Maces & Flails to level 11
 35512 | Spider:1 | Reached skill level 9 in Evocations
 36026 | Spider:2 | Reached skill level 10 in Evocations
 36030 | Spider:2 | Reached skill level 11 in Hexes
 36142 | Spider:2 | Reduced skill Maces & Flails to level 10
 36273 | Spider:2 | Reached skill level 11 in Evocations
 36525 | Spider:2 | Reached skill level 7 in Armour
 36526 | Spider:2 | Reduced skill Maces & Flails to level 9
 36592 | Spider:2 | Reached skill level 12 in Hexes
 36601 | Spider:2 | Reached skill level 12 in Evocations
 36631 | Spider:2 | Reduced skill Maces & Flails to level 8
 36774 | Spider:2 | Identified the +10 long sword "Spiderbane" {vorpal, rPois
                  | Str+7 Dex-2 SInv}
 37073 | Spider:3 | Reduced skill Maces & Flails to level 7
 37091 | Spider:3 | Reached skill level 13 in Evocations
 37350 | Spider:3 | Reached skill level 3 in Shields
 37420 | Spider:3 | Reached skill level 8 in Armour
 37754 | Spider:3 | Noticed Mara
 37768 | Spider:3 | Killed Mara
 37769 | Spider:3 | Reached skill level 11 in Fighting
 37769 | Spider:3 | Reached skill level 4 in Shields
 37769 | Spider:3 | Reached XP level 18. HP: 138/138 MP: 21/21
 37965 | Spider:3 | Reached skill level 5 in Shields
 38090 | Spider:3 | Noticed Aizul
 38101 | Spider:3 | Reached skill level 13 in Hexes
 38111 | Spider:3 | Killed Aizul
 38114 | Spider:3 | Reached skill level 9 in Armour
 38802 | D:5      | Bought an uncursed ring of poison resistance for 300 gold
                  | pieces
 38827 | D:5      | Identified the +4 leather armour of Noinots {Str+5}
 38977 | D:10     | Learned a level 8 spell: Discord
 39116 | Spider:4 | Entered Level 4 of the Spider Nest
 39577 | Spider:3 | Reached skill level 6 in Shields
 40262 | Spider:4 | Reduced skill Maces & Flails to level 6
 40290 | Spider:4 | Reduced skill Maces & Flails to level 5
 40397 | Spider:4 | Reduced skill Maces & Flails to level 4
 40412 | Spider:4 | Reached skill level 7 in Shields
 40422 | Spider:4 | Reached skill level 14 in Evocations
 40481 | Spider:4 | Reached skill level 12 in Fighting
 40929 | Spider:4 | Reached skill level 14 in Hexes
 40932 | Spider:4 | Reached skill level 8 in Shields
 40944 | Spider:4 | Reached skill level 3 in Spellcasting
 41030 | Spider:4 | Got a gossamer rune of Zot
 41204 | Swamp:1  | Entered Level 1 of the Swamp
 41212 | Swamp:1  | Reached XP level 19. HP: 147/147 MP: 23/23
 41257 | Swamp:1  | Identified the +12 dagger of Psychosis {vamp, rPois rF+}
 41538 | Swamp:1  | Reached skill level 4 in Spellcasting
 41623 | Swamp:1  | Reached skill level 9 in Shields
 41992 | Swamp:1  | Found a stormy altar of Qazlal.
 42009 | Swamp:1  | Noticed Donald
 42030 | Swamp:1  | Killed Donald
 42521 | Swamp:2  | Reached skill level 13 in Fighting
 42521 | Swamp:2  | Reached skill level 5 in Spellcasting
 42826 | Swamp:2  | Identified Roxanne's Handbook of Changing
 42826 | Swamp:2  | Noticed Roxanne
 42908 | Swamp:2  | Killed Roxanne
 42935 | Swamp:2  | Learned a level 6 spell: Invisibility
 42938 | Swamp:2  | Learned a level 2 spell: Wereblood
 42945 | Swamp:2  | Reduced skill Maces & Flails to level 3
 42946 | Swamp:2  | Reached skill level 1 in Transmutations
 42974 | Swamp:2  | Identified the +4 trident of Equivalence {vorpal, rPois
                  | Str+10 Int+4 Stlth-}
 43031 | Swamp:2  | Reached skill level 2 in Transmutations
 43309 | Swamp:2  | Reduced skill Maces & Flails to level 1
 43309 | Swamp:2  | Reached skill level 3 in Transmutations
 43486 | Spider:2 | Learned a level 1 spell: Apportation
 43634 | Swamp:3  | Reduced skill Maces & Flails to level 0
 43637 | Swamp:3  | Reached skill level 4 in Transmutations
 44061 | Swamp:3  | Reached skill level 10 in Shields
 44061 | Swamp:3  | Reached skill level 15 in Hexes
 44457 | Swamp:3  | Identified a scroll of acquirement
 44458 | Swamp:3  | Acquired the cursed +1 pair of boots of Larikeol {Rampage
                  | rPois MR++}
 44484 | Swamp:4  | Entered Level 4 of the Swamp
 44500 | Swamp:4  | Reached skill level 6 in Spellcasting
 45373 | Swamp:4  | Reached XP level 20. HP: 157/157 MP: 29/29
 45512 | Swamp:4  | Got a decaying rune of Zot
 45737 | Vaults:1 | Entered Level 1 of the Vaults
 46018 | D:10     | Bought 2 potions of heal wounds for 100 gold pieces
 46018 | D:10     | Bought a potion of heal wounds for 50 gold pieces
 46090 | Orc:2    | Bought a potion of heal wounds for 75 gold pieces
 46277 | Elf:1    | Entered Level 1 of the Elven Halls
 46447 | Elf:1    | Reached skill level 7 in Spellcasting
 46483 | Elf:1    | Reached skill level 11 in Shields
 46792 | Elf:1    | Reached skill level 14 in Fighting
 46930 | Elf:1    | Found a runed translucent gate.
 46930 | Elf:1    | Found a runed translucent gate.
 46930 | Elf:1    | Found a runed translucent gate.
 46930 | Elf:1    | Found a runed translucent gate.
 46930 | Elf:1    | Found a runed translucent gate.
 46934 | Elf:1    | Found a runed translucent gate.
 47333 | Elf:1    | Reached skill level 16 in Hexes
 47443 | Elf:1    | Identified Pytes's Papyrus of Evil
 47812 | Elf:1    | Reached skill level 12 in Shields
 48502 | Elf:2    | Found a huge runed gate.
 48502 | Elf:2    | Found a huge runed gate.
 48502 | Elf:2    | Found a huge runed gate.
 48503 | Elf:2    | Found a huge runed gate.
 48503 | Elf:2    | Found a huge runed gate.
 48504 | Elf:2    | Found a huge runed gate.
 48504 | Elf:2    | Found a huge runed gate.
 48505 | Elf:2    | Found a huge runed gate.
 48505 | Elf:2    | Found a huge runed gate.
 48512 | Elf:2    | Found a huge runed gate.
 48512 | Elf:2    | Found a huge runed gate.
 48512 | Elf:2    | Found a huge runed gate.
 48512 | Elf:2    | Found a huge runed gate.
 48512 | Elf:2    | Found a huge runed gate.
 48512 | Elf:2    | Found a huge runed gate.
 48513 | Elf:2    | Found a huge runed gate.
 48514 | Elf:2    | Found a huge runed gate.
 48515 | Elf:2    | Found a huge runed gate.
 48570 | Elf:2    | Reached skill level 15 in Fighting
 48579 | Elf:2    | Found a runed translucent gate.
 48579 | Elf:2    | Found a runed translucent gate.
 48579 | Elf:2    | Found a runed translucent gate.
 48652 | Elf:2    | Identified Advanced Wizardry
 48806 | Elf:2    | Found a huge runed gate.
 48806 | Elf:2    | Found a huge runed gate.
 48806 | Elf:2    | Found a huge runed gate.
 48806 | Elf:2    | Found a huge runed gate.
 48806 | Elf:2    | Found a huge runed gate.
 48806 | Elf:2    | Found a huge runed gate.
 48806 | Elf:2    | Found a huge runed gate.
 48806 | Elf:2    | Identified the +3 leather armour "Aquqyixt" {Harm}
 49119 | Elf:3    | Entered Level 3 of the Elven Halls
 49236 | Elf:3    | Reached skill level 7 in Dodging
 49276 | Elf:3    | Reached XP level 21. HP: 170/170 MP: 31/31
 49285 | Elf:3    | Reached skill level 16 in Fighting
 50143 | Elf:3    | Noticed a Tzitzimitl
 50190 | Elf:3    | Reached skill level 8 in Dodging
 50203 | Elf:3    | Reached skill level 17 in Fighting
 50240 | Elf:3    | Noticed a Brimstone Fiend
 50244 | Elf:3    | Noticed a Brimstone Fiend
 50506 | Elf:3    | Found the +5 robe of Misfortune {*Contam Harm *Corrode
                  | *Drain *Slow EV+5}
 50520 | Elf:3    | Identified the +1 leather armour "Rutefuzo" {rPois rC+ rN+
                  | Dex+3}
 50536 | Elf:3    | Identified the amulet of Taopniv {rElec rC- Regen+ Int+6
                  | Stlth+}
 50536 | Elf:3    | Identified the ring "Elisiropn" {Ice Str+2}
 50555 | Elf:3    | Identified Witchery, Part One
 50579 | Elf:3    | Identified the Incunabulum of the Flying Escort
 50724 | Elf:3    | Acquired the cursed +8 storm bow {elec, penet}
 50725 | Elf:3    | Found the cursed +8 storm bow {elec, penet}
 51294 | Vaults:1 | Reached skill level 18 in Fighting
 51741 | Vaults:1 | Found Buitism's Magic Scroll Shop.
 51744 | Vaults:1 | Bought a scroll of enchant armour for 82 gold pieces
 52286 | Vaults:2 | Reached XP level 22. HP: 185/185 MP: 31/33
 52292 | Vaults:2 | Noticed Nikola
 52318 | Vaults:2 | Killed Nikola
 52861 | Vaults:2 | Reached skill level 10 in Armour
 53854 | Vaults:3 | Reached skill level 8 in Spellcasting
 54021 | Vaults:3 | Found a staircase to the Crypt.
 54208 | Vaults:3 | Found a portal to a secret trove of treasure.
 54611 | Vaults:3 | Reached skill level 19 in Fighting
 54682 | Vaults:3 | Reached skill level 9 in Dodging
 55227 | D:5      | Bought a runed demon trident for 324 gold pieces
 55502 | Vaults:1 | Bought a scroll of enchant weapon for 82 gold pieces
 56032 | D:10     | Bought a wand of acid (9) for 286 gold pieces
 56032 | D:10     | Bought a wand of acid (10) for 308 gold pieces
 56032 | D:10     | Bought a box of beasts for 440 gold pieces
 56272 | Vaults:4 | Reached XP level 23. HP: 185/194 MP: 35/35
 56319 | Vaults:4 | Noticed Sojobo
 56369 | Vaults:4 | Killed Sojobo
 56473 | Vaults:4 | Noticed Mennas
 56482 | Vaults:4 | Killed Mennas
 56483 | Vaults:4 | Reached skill level 15 in Evocations
 56619 | Vaults:4 | Found Leadd's General Store.
 56627 | Vaults:4 | Bought a wand of acid (6) for 360 gold pieces
 57097 | Orc:2    | Bought a book of Transfigurations for 715 gold pieces
 57103 | Orc:2    | Learned a level 5 spell: Irradiate
 57442 | Vaults:4 | Reached skill level 11 in Armour
 57785 | Vaults:4 | Reached skill level 2 in Conjurations
 58128 | Depths:1 | Entered Level 1 of the Depths
 58129 | Depths:1 | Found a one-way gate to the infinite horrors of the Abyss.
 58304 | Depths:1 | Reached skill level 3 in Conjurations
 58335 | Depths:1 | Found Honuan's Jewellery Shop.
 58352 | Depths:1 | Found Osainn's Gadget Emporium.
 58353 | Depths:1 | Found Gutsin's Jewellery Shop.
 58395 | Depths:1 | Bought the ring of Onnaevvuz {rF+ MR+ AC+4} for 1112 gold
                  | pieces
 58417 | Depths:1 | Reached skill level 5 in Transmutations
 58645 | Depths:1 | Found a one-way gate leading to the halls of Pandemonium.
 58699 | Depths:1 | Found a gateway to Hell.
 58710 | Depths:1 | Noticed Asterion
 58718 | Depths:1 | Reached skill level 4 in Conjurations
 58729 | Depths:1 | Killed Asterion
 58836 | Depths:1 | Noticed Bai Suzhen
 58852 | Depths:1 | Killed Bai Suzhen
 58946 | Depths:1 | Reached skill level 10 in Dodging
 58987 | Depths:1 | Reached skill level 5 in Conjurations
 59058 | Depths:1 | Reached XP level 24. HP: 177/203 MP: 35/35
 59123 | Depths:1 | Found Musu's Distillery.
 59131 | Depths:1 | Bought 2 potions of heal wounds for 160 gold pieces
 59220 | Depths:1 | Reached skill level 20 in Fighting
 59435 | Depths:2 | Reached skill level 6 in Transmutations
 59894 | Depths:2 | Reached skill level 6 in Conjurations
 60249 | Depths:2 | Reached skill level 12 in Armour
 60304 | Depths:2 | Noticed a caustic shrike
 60311 | Depths:2 | Killed a caustic shrike
 60337 | Depths:2 | Reached skill level 7 in Transmutations
 60487 | Depths:3 | Noticed Xtahua
 60513 | Depths:3 | Killed Xtahua
 60514 | Depths:3 | Reached skill level 7 in Conjurations
 60569 | Depths:3 | Noticed a golden dragon
 60578 | Depths:3 | Killed a golden dragon
 60587 | Depths:3 | Noticed a caustic shrike
 60617 | Depths:3 | Killed a caustic shrike
 61056 | Depths:3 | Found Yfeashro's Magic Scroll Shop.
 61123 | Depths:3 | Reached skill level 8 in Transmutations
 61285 | Depths:3 | Reached XP level 25. HP: 213/213 MP: 35/35
 61326 | Depths:3 | Bought a scroll of enchant armour for 120 gold pieces
 61326 | Depths:3 | Bought a scroll of enchant weapon for 120 gold pieces
 61654 | Vaults:3 | You paid a toll of a +7 demon trident to enter a treasure
                  | trove
 61655 | Trove    | Entered a treasure trove
 61665 | Trove    | Identified the cursed +0 triple sword of Terror {flame,
                  | *Corrode Str+2 SInv Stlth+}
 61686 | Trove    | Identified the +5 flail of the Gloaming {holy, +Fly Dex+5
                  | Stlth+}
 62021 | Depths:3 | Found a transporter.
 62022 | Depths:3 | Identified the +2 great sword of Symmetry {distort, Dex+2}
 62035 | Depths:3 | Found a transporter.
 62036 | Depths:3 | Noticed Larunk's ghost (veteran DgAE)
 62039 | Depths:3 | Noticed an ancient lich
 62438 | Depths:4 | Reached skill level 11 in Dodging
 62462 | Depths:4 | Reached skill level 21 in Fighting
 63046 | Depths:4 | Reached skill level 13 in Armour
 63448 | Depths:4 | Identified the amulet of the Jackalope {Spirit Dex+4}
 63534 | Depths:4 | Learned a level 5 spell: Yara's Violent Unravelling
 63537 | Depths:5 | Entered Level 5 of the Depths
 63550 | Depths:5 | Reached skill level 9 in Transmutations
 63554 | Depths:5 | Reached skill level 17 in Hexes
 64272 | Depths:5 | Found a gate to the Realm of Zot.
 64580 | Depths:5 | Noticed a caustic shrike
 64590 | Depths:5 | Killed a caustic shrike
 64701 | Depths:5 | Found a gateway to a ziggurat.
 64971 | Depths:5 | Reached skill level 10 in Transmutations
 64973 | Depths:5 | Reached XP level 26. HP: 209/224 MP: 1/35
 65675 | Vaults:5 | Entered Level 5 of the Vaults
 65698 | Vaults:5 | Reached skill level 22 in Fighting
 65713 | Vaults:5 | Reached skill level 12 in Dodging
 65733 | Vaults:5 | Reached skill level 14 in Armour
 65738 | Vaults:5 | Identified the +9 plate armour "Poesioqeg" {MR+ Dex+4}
 65754 | Vaults:5 | Reached skill level 18 in Hexes
 66188 | Vaults:5 | Found the +1 cloak of Starlight {rElec rC+ EV+4 Stlth--}
 66196 | Vaults:5 | Got a silver rune of Zot
 66210 | Vaults:5 | Identified the cursed +0 hunting sling of Invincibility
                  | {vorpal, +Inv rElec rF+++ Str-5}
 66419 | Vaults:5 | Reached skill level 15 in Armour
 66755 | Vaults:5 | Identified Mufferch's Catalogue of Ensnaring Weightlessness
 66910 | Vaults:5 | Reached skill level 19 in Hexes
 67984 | Depths:1 | Bought a potion of heal wounds for 80 gold pieces
 68206 | Depths:4 | Identified the Disquisition on Frigorific Malediction
 68208 | Depths:4 | Identified Sif Muna's Volume of the Igneous Glacier
 68292 | Zig:1    | Entered Level 1 of a ziggurat
 68295 | Zig:1    | Reached XP level 27. HP: 231/231 MP: 35/35
 68312 | Zig:2    | Entered Level 2 of a ziggurat
 68359 | Zig:3    | Entered Level 3 of a ziggurat
 68369 | Zig:3    | Reached skill level 16 in Armour
 68392 | Zig:3    | Acquired 642 gold pieces
 68401 | Zig:4    | Entered Level 4 of a ziggurat
 68404 | Zig:4    | Identified a +0 pair of boots of running
 68404 | Zig:4    | Identified the +7 plate armour of Kocziv {+Fly rC++ rN+
                  | MR-}
 68418 | Zig:4    | Identified the ring of Igraelon {EV+4 Str+2 Dex+4}
 68444 | Zig:5    | Entered Level 5 of a ziggurat
 68519 | Zig:6    | Entered Level 6 of a ziggurat
 68587 | Zig:6    | Identified the ring of the Little Devil {Wiz rC+ Dex+7}
 68616 | Zig:7    | Entered Level 7 of a ziggurat
 68622 | Zig:7    | Identified the ring of Bimnefor {MR+ Str+4 Int+7}
 68624 | Zig:7    | Noticed a juggernaut
 68645 | Zig:7    | Killed a juggernaut
 68699 | Zig:7    | Identified the +6 dagger "Orb Guardian's Curse" {flame,
                  | rF+}
 68761 | Zig:8    | Entered Level 8 of a ziggurat
 68775 | Zig:8    | Reached skill level 20 in Hexes
 68858 | Zig:8    | Found the +4 Cigotuvi's embrace {rRot *Drain rN+}
 68885 | Zig:9    | Entered Level 9 of a ziggurat
 69017 | Zig:9    | Noticed Wiaseudghi the pandemonium lord
 69024 | Zig:9    | Cast into level 4 of the Abyss (Wiaseudghi)
 69066 | Abyss:4  | Reached skill level 17 in Armour
 69208 | Abyss:4  | Gained mutation: You are clumsy. (Dex -2) [a cacodemon]
 69221 | Abyss:4  | Gained mutation: [Potions are less effective at restoring
                  | your health.] [a cacodemon]
 69227 | Abyss:4  | Slain by a large abomination

Illustrated notes

Levels and vault maps discovered:
D:1:      wander_arrival_peaceful_grave, layout_loops_corners,
          minmay_misc_feat_more_columns, chequers_serial_rivers_large_a
D:2:      layout_basic, nicolae_ashenzari_panopticon,
          chequers_ecumenical_altar_lobes, minivault_11
D:3:      layout_basic, overflow_temple_1_default, uniq_crazy_yiuf_cottage
D:4:      layout_basic, portal_sewer_entry_f
D:5:      layout_gridville, minmay_temple_entry_statues_fountains, serial_shops,
          nicolae_shop_overgrown_old_shop, shop, nicolae_shop_statue_plus,
          kennysheep_little_box, nicolae_alphabet_shops, uniq_prince_ribbit1
D:6:      layout_basic, lemuel_coloured_pillars_altar, uniq_edmund,
          uniq_blork_the_orc
D:7:      layout_basic
D:8:      layout_basic
D:9:      layout_long_grid, vehumet_altar_wand_db,
          minmay_fractal_squares_diagonal_5, uniq_grum
D:10:     layout_cave_pools, minmay_lair_entry_grove, serial_shops, shop, shop,
          shop, shop, shop, serial_column_ruins, column_ruins_circle_small,
          column_ruins_corridor_straight, column_ruins_grid_1,
          column_ruins_grid_1, column_ruins_open_small, uniq_joseph
D:11:     layout_loops_ring, zombieorc2_lemuel, serial_shops, shop_fountains,
          uniq_maurice
D:12:     layout_small_grid, uniq_psyche
D:13:     layout_rooms, hangedman_vaults_entry_quadrant_bands,
          yredelemnul_altar_generic, uniq_kirke, uniq_snorg
D:14:     layout_stronghold, minmay_misc_feat_ornament
D:15:     hangedman_depths_entry_civil_slaughter, layout_basic,
          nicolae_ru_the_path_less_chosen, basic_altar, chequers_mini_garden
Lair:1:   layout_cave_pods, small_statue_intersection, lemuel_old_faithful,
          uniq_maggie
Lair:2:   layout_long_grid, grunt_megastairs_5
Lair:3:   layout_big_grid, nicolae_swamp_entry_splash_gauntlet,
          wad_woods_river_04
Lair:4:   layout_concentric_octagons, nicolae_spider_entry_non_spiders,
          roderic_carrion_pond, infiniplex_staircase_pool
Lair:5:   minmay_lair_oklob_tunnel, layout_concentric_octagons, st_stairs_13,
          fungi_pond_lemuel, chequers_serial_rivers_micro_b,
          chequers_serial_rivers_micro_c, minmay_lair_oklob_bushes,
          fungi_pond_lemuel, uniq_nessos
Lair:6:   minmay_lair_end_enchanted_forest, layout_misc_corridors,
          minmay_slime_entry_oklob_enclosed, nicolae_quartered_pool_medium,
          dpeg_oklob_1
Swamp:1:  layout_basic_swamp, lemuel_altar_in_water, swamp_pool3,
          hangedman_swamp_cone, hangedman_swamp_ravenous, uniq_donald
Swamp:2:  layout_basic_swamp, evilmike_swamp_ruin_house_6, uniq_roxanne
Swamp:3:  layout_basic_swamp, evilmike_swamp_ruin_house_2
Swamp:4:  swamp_icy, layout_basic_swamp, swamp_pool5
Spider:1: layout_chambers
Spider:2: layout_spider_delve
Spider:3: nicolae_spider_mines_3, drop_trap, uniq_mara, uniq_aizul
Spider:4: spider_rune_water
Orc:1:    gammafunk_beogh_shrine, layout_caves, gammafunk_ghost_arena,
          uniq_harold, uniq_josephine
Orc:2:    st_orc_town, layout_caves, basic_altar, serial_shops, shop, shop,
          nicolae_shop_stone, nicolae_shop_waterfront, shop_statue
Elf:1:    layout_geoelf_octagon, minmay_elf_necromancy, orc_legates
Elf:2:    layout_geoelf_octagon, serial_corexii_hall, corexii_hall_statues_t,
          chequers_hall_statues_corner_a, grunt_ministairs_4,
          minmay_fountain_box, door_vault
Elf:3:    elf_hall, layout_geoelf_castle, serial_co_window_serial,
          co_window_corner_a, co_window_corner_a, co_window_paths_a,
          co_window_corner_a, co_window_paths_a, co_window_cross_4,
          co_window_paths_e, glass_columns_a, glass_columns_a, glass_columns_c,
          glass_columns_a
Vaults:1: hangedman_vaults_hard_town_square, v_misc_30, hangedman_vaults_nails,
          nicolae_vaults_border_crossing, v_misc_12,
          nicolae_vaults_little_squares_1, v_misc_26,
          nicolae_vaults_three_branches, nicolae_vaults_hallways_thing,
          vaults_mumra_chevron, ontoclasm_vaults_pinch, v_misc_8,
          layout_vaults_maze, serial_shops, nicolae_shop_behind_doors
Vaults:2: dpeg_vaults_monster_row, v_misc_33, nicolae_vaults_specimen_jars,
          st_more_cells, vaults_mumra_chevron_long,
          nicolae_vaults_little_squares_6, nicolae_vaults_little_squares_6,
          vaults_room_door_ring, layout_vaults_omnibox, uniq_nikola
Vaults:3: hangedman_vaults_maws, nicolae_vaults_statue_guard, v_misc_1,
          v_alt_pattern_2, nicolae_vaults_network_s, grunt_vaults_funnel,
          layout_vaults_omnicross, dummy_crypt_entry, enter_trove_2
Vaults:4: hangedman_vaults_locks, vaults_dpeg_cross, v_rooms_1,
          hangedman_vaults_river_flow, v_misc_18,
          nicolae_vaults_mini_display_case, nicolae_vaults_alarming, v_misc_17,
          serial_ice_h, v_alt_pattern_1, layout_vaults_big_room, serial_shops,
          shop, uniq_sojobo, uniq_mennas
Vaults:5: serial_shops
Depths:1: layout_honeycomb, hangedman_abyss_entry_splay, grunt_hell_horde,
          nrook_mini_backslash, serial_shops, shop, grunt_pan_entry_zigzag,
          nooodl_orcs_dogs, minmay_shop_grove, grunt_megastairs_4,
          uniq_asterion, uniq_bai_suzhen
Depths:2: minmay_sliced_demisemicircle, layout_basic, hell_entry,
          rand_demon_pan_entry_7, abyss_entry_small_statue_room
Depths:3: minmay_tri_box, layout_gridlike, hell_entry, abyss_entry,
          rand_demon_pan_entry_4, minmay_misc_feat_four_crosses, serial_shops,
          nicolae_shop_window_shopping, gammafunk_ghost_abyssal_escape,
          uniq_xtahua
Depths:4: kennysheep_ogre_elephant_herders, layout_basic, abyss_entry,
          nicolae_wwwww, hell_entry, chequers_serial_rivers_small_b,
          lemuel_freeze_loot_1
Depths:5: grunt_zot_entry_hairpin, layout_small_grid, enter_ziggurat_b,
          chequers_hall_statues_wall_a, hell_entry, serial_bayou_shore_b,
          serial_bayou_shore_b, kennysheep_random_hallway
Abyss:4:  base: Slime:2, nicolae_abyss_rune_left_handed, minivault_24,
          minivault_28
Zig:9

Skill      XL: |  1  2  3  4  5  6  7  8  9 10 11 12 13 14 15 16 17 18 19 20 21 22 23 24 25 26 27 |
---------------+----------------------------------------------------------------------------------+-----
Conjurations   | 1 5 7 |  7.5
Maces & Flails | 1 2 3 4 6 7 10 11 13 14 7 4 0 |  0.0
Stealth        | 3 |  3.2
Fighting       | 1 2 4 6 8 10 11 12 13 15 18 19 20 21 22 | 22.0
Dodging        | 3 4 6 7 8 9 10 11 12 | 12.0
Armour         | 3 4 5 6 8 9 10 11 12 13 15 17 | 17.2
Evocations     | 1 2 3 13 14 15 | 15.0
Bows           | 4 8 11 14 15 16 | 16.5
Shields        | 2 4 8 10 12 | 12.3
Hexes          | 4 8 12 14 15 16 17 19 20 | 20.5
Air Magic      | 4 5 |  5.0
Spellcasting   | 3 6 7 8 |  8.8
Transmutations | 4 5 8 10 | 10.7

Action                   |  1- 3 |  4- 6 |  7- 9 | 10-12 | 13-15 | 16-18 | 19-21 | 22-24 | 25-27 || total
-------------------------+-------+-------+-------+-------+-------+-------+-------+-------+-------++-------
Melee: Mace              |    29 |   191 |    87 |       |       |       |       |       |       ||   307
       Longbow           |       |       |     2 |       |       |       |       |       |       ||     2
       Dire flail        |       |       |   181 |   752 |   465 |       |       |       |       ||  1398
       Morningstar       |       |       |    13 |       |       |       |       |       |       ||    13
 Fire: Longbow           |       |       |   108 |    21 |   755 |  1231 |  1548 |  1328 |  1180 ||  6171
Throw: Stone             |       |     5 |       |       |       |       |       |       |       ||     5
 Cast: Shock             |    59 |    15 |       |       |       |       |       |       |       ||    74
       Apportation       |       |       |       |       |       |       |     1 |       |     1 ||     2
       Wereblood         |       |       |       |       |       |       |    13 |       |     1 ||    14
       Invisibility      |       |       |       |       |       |       |     1 |     1 |     1 ||     3
       Silence           |       |       |       |       |       |       |       |     4 |     1 ||     5
       Irradiate         |       |       |       |       |       |       |       |       |     5 ||     5
       Discord           |       |       |       |       |       |       |       |       |     1 ||     1
Invok: Curse Item        |       |     1 |       |     4 |     1 |     5 |     3 |     3 |       ||    17
       Transfer Knowledg |       |       |       |       |       |     3 |     1 |       |       ||     4
       Scrying           |       |       |       |       |       |       |     1 |       |       ||     1
 Abil: Dig               |     3 |     2 |     6 |    12 |    23 |    10 |     5 |     1 |     1 ||    63
Evoke: Wand              |       |     3 |     8 |     9 |    14 |     6 |     2 |    17 |     3 ||    62
       Lightning rod     |       |       |       |     7 |     4 |     9 |     7 |       |       ||    27
       Condenser vane    |       |       |       |       |       |     4 |     3 |     1 |     2 ||    10
       Phial of floods   |       |       |       |       |       |       |       |     2 |       ||     2
       Box of beasts     |       |       |       |       |       |       |       |     1 |     2 ||     3
       Phantom mirror    |       |       |       |       |       |       |       |     1 |     2 ||     3
       Tin of tremorston |       |       |       |       |       |       |       |       |     4 ||     4
  Use: Scroll            |       |    13 |     3 |     8 |    10 |    11 |    12 |     7 |     7 ||    71
       Potion            |       |     1 |       |       |       |     1 |     5 |     5 |     3 ||    15
 Stab: Sleeping          |       |     2 |       |       |       |       |       |       |       ||     2
       Paralysed         |       |       |       |    13 |    10 |       |       |       |       ||    23
       Distracted        |       |       |       |       |     1 |       |       |       |       ||     1
Armor: Robe              |     7 |     2 |       |       |       |       |       |       |       ||     9
       Scale mail        |     4 |    22 |   155 |   295 |   301 |   116 |       |       |       ||   893
       Plate armour      |       |   109 |       |       |       |   169 |   273 |   143 |   194 ||   888
       Troll leather arm |       |     5 |       |       |       |       |       |       |       ||     5
Dodge: Dodged            |    29 |    67 |   128 |   264 |   294 |   179 |   136 |    97 |   107 ||  1301
Block: Buckler           |       |       |       |       |    44 |    15 |       |       |       ||    59
       Tower shield      |       |       |       |       |       |   254 |   485 |   358 |   322 ||  1419

Table legend: (Time is in decaauts)
 A = Elapsed time spent in this place.
 B = Non-inter-level travel time spent in this place.
 C = Inter-level travel time spent in this place.
 D = Time resting spent in this place.
 E = Time spent auto-exploring this place.
 F = Levels seen in this place.
 G = Mean time per level.
                   A        B        C        D        E       F      G
               +--------+--------+--------+--------+--------+-----+--------+
         Total |  67464 |  59210 |   8254 |   3256 |  42520 |  56 | 1204.7 |
       Dungeon |  22689 |  19456 |   3233 |   1617 |  13119 |  15 | 1512.6 |
          Lair |  10761 |   9849 |    912 |    392 |   7940 |   6 | 1793.5 |
         Swamp |   4020 |   3802 |    218 |    112 |   2747 |   4 | 1005.0 |
   Spider Nest |   6310 |   5750 |    560 |    255 |   4363 |   4 | 1577.5 |
  Orcish Mines |   2687 |   2334 |    353 |    400 |   1386 |   2 | 1343.5 |
   Elven Halls |   4336 |   4117 |    219 |     35 |   2972 |   3 | 1445.3 |
        Vaults |   8710 |   6653 |   2057 |    285 |   4810 |   5 | 1742.0 |
        Depths |   6777 |   6078 |    699 |      0 |   4770 |   5 | 1355.4 |
         Abyss |    174 |    174 |      0 |      0 |     48 |   1 |  174.0 |
      Ziggurat |    679 |    679 |      0 |    157 |    258 |   9 |   75.4 |
         Trove |     74 |     74 |      0 |      0 |     23 |   1 |   74.0 |
         Sewer |    243 |    243 |      0 |      0 |     83 |   1 |  243.0 |
               +--------+--------+--------+--------+--------+-----+--------+

Top non-repeatable levels by time:
  Lair:4: 2593 daAuts
Vaults:1: 2172 daAuts
Spider:3: 2131 daAuts
  Lair:3: 2108 daAuts
    D:10: 1977 daAuts
     D:3: 1880 daAuts
Spider:1: 1878 daAuts
Depths:5: 1869 daAuts
  Lair:6: 1815 daAuts
    D:13: 1815 daAuts
     D:5: 1788 daAuts
Vaults:5: 1784 daAuts
Vaults:3: 1733 daAuts
    D:11: 1720 daAuts
    D:14: 1673 daAuts
